Sound Tigers vs Admirals
Created - January 8, 2023 at 11:36
Goals
|
Sound Tigers |
0 |
1 |
1 |
2 |
Admirals |
0 |
1 |
3 |
4 |
|
Shots
|
Sound Tigers |
11 |
10 |
17 |
38 |
Admirals |
7 |
15 |
5 |
27 |
|
1st period
No Goal
Penalties :
No Penalty
2nd period
1. Admirals , Lucas Wallmark 3 (Joel Armia 11, T.J Brodie 12) at 3:50
2. Sound Tigers , Garret Ross 13 (Pavel Kraskovsky 26, James Livingstone 12) at 15:20
Penalties :
Borna Rendulic (BRI) for Tripping (Minor) at 6:23, Joel Armia (Mil) for Tripping (Minor) at 10:43, Joe Labate (BRI) for Hooking (Minor) at 19:43
3rd period
3. Sound Tigers , Miro Heiskanen 1 (Borna Rendulic 13, Pavel Francouz) at 7:25
4. Admirals , T.J Brodie 3 (Travis Dermott 16) at 15:33 (PP)
5. Admirals , Joel Armia 12 (Travis Dermott 17) at 17:53
6. Admirals , Mark McNeill 8 (Lucas Wallmark 9, Travis Dermott 18) at 19:29
Penalties :
Olli Juolevi (Mil) for Holding (Minor) at 2:18, Joel Armia (Mil) for Interference (Minor) at 7:50, T.J Brodie (Mil) for Hooking (Minor) at 12:06, Pavel Kraskovsky (BRI) for Goalie Interference (Minor) at 15:00
Goalie Stats
Pavel Francouz (BRI), 23 saves from 27 shots - (0.852), L, 11-5-1, 59:43 minutes
Felix Sanstrom (Mil), 36 saves from 38 shots - (0.947), W, 4-1-0, 60:00 minutes
Players Stats for Sound Tigers
Player Name G A P +/- PIM S H SB GA TA FO MP PP MP PK MP
------------------------------------------------------------------------------------
Alex Steeves 0 0 0 0 0 0 0 0 0 0 0/0 0:00 0:00 0:00
Alex Tuch 0 0 0 -2 0 3 1 0 0 1 3/5 22:27 4:23 2:41
Alexander Yelesin 0 0 0 -2 0 1 2 0 0 0 0/0 12:51 0:00 0:00
Ben Johnson 0 0 0 0 0 0 0 0 0 0 0/0 0:58 0:00 0:37
Ben Thomson 0 0 0 0 0 1 1 0 0 0 0/0 13:25 0:00 1:38
Blake Speers 0 0 0 0 0 0 0 0 0 0 0/0 0:58 0:00 0:58
Borna Rendulic 0 1 1 -2 2 3 1 1 0 0 1/2 19:45 4:23 0:00
Brad Ross 0 0 0 0 0 0 0 0 0 0 0/0 0:00 0:00 0:00
Brandon Gignac 0 0 0 0 0 0 0 0 0 0 0/0 0:00 0:00 0:00
Dylan McIlrath 0 0 0 -1 0 3 2 4 1 2 0/0 28:01 4:21 3:01
Gabriel Carlsson 0 0 0 2 0 3 2 0 0 0 0/0 19:08 3:35 1:30
Garret Pilon 0 0 0 -1 0 1 1 0 0 0 1/3 8:44 0:00 0:00
Garret Ross 1 0 1 2 0 4 1 0 0 0 1/3 17:52 3:33 2:40
Jakub Galvas 0 0 0 0 0 1 0 0 0 0 0/0 3:52 0:00 0:00
James Livingstone 0 1 1 2 0 3 0 0 1 1 0/1 15:12 3:33 0:00
Joe Labate 0 0 0 -2 2 3 0 0 1 0 16/32 20:34 4:23 0:28
Josh Archibald 0 0 0 -1 0 0 2 0 0 0 0/0 8:44 0:00 0:00
Miro Heiskanen 1 0 1 2 0 3 1 0 0 0 0/0 19:08 3:35 1:30
Nick Blankenburg 0 0 0 -2 0 2 1 0 1 1 0/0 12:51 0:00 0:00
Noah Cates 0 0 0 0 0 0 0 0 0 0 0/0 0:00 0:00 0:00
Pavel Kraskovsky 0 1 1 2 2 2 0 0 1 0 4/8 15:11 3:33 0:00
Rhett Gardner 0 0 0 0 0 2 0 1 1 0 3/8 11:26 0:00 0:00
Ross Colton 0 0 0 0 0 1 1 0 0 1 0/0 11:26 0:00 0:00
Slater Koekkoek 0 0 0 -1 0 0 1 1 0 1 0/0 24:09 4:21 3:01
Tyrell Goulbourne 0 0 0 -1 0 2 2 0 0 1 0/0 8:44 0:00 0:00
Players Stats for Admirals
Player Name G A P +/- PIM S H SB GA TA FO MP PP MP PK MP
------------------------------------------------------------------------------------
Andreas Englund 0 0 0 0 0 0 2 2 0 0 0/0 26:52 2:47 5:05
Anton Gustafsson 0 0 0 1 0 4 0 1 1 2 3/4 21:26 1:53 2:25
Brett Connolly 0 0 0 -1 0 0 0 1 0 0 3/3 8:56 0:01 0:56
Carl Dahlstrom 0 0 0 0 0 0 0 0 0 0 0/0 0:00 0:00 0:00
Carsen Twarynski 0 0 0 -1 0 1 0 0 0 0 0/0 8:00 0:01 0:00
Christian Djoos 0 0 0 0 0 0 0 2 0 0 0/0 6:42 0:00 0:00
Freddie Hamilton 0 0 0 0 0 1 2 1 1 0 4/7 10:12 0:01 0:00
Hunter Shinkaruk 0 0 0 1 0 6 2 1 3 0 0/0 16:10 2:37 1:00
Ian Mitchell 0 0 0 0 0 0 1 0 0 0 0/0 14:25 1:44 0:00
Joel Armia 1 1 2 1 4 3 2 0 0 0 1/1 14:34 1:53 0:00
Josh Norris 0 0 0 0 0 0 2 3 0 0 11/25 18:53 2:37 0:07
Kasper Bjorkqvist 0 0 0 0 0 0 1 0 1 1 1/2 18:46 2:37 0:00
Lucas Wallmark 1 1 2 2 0 1 2 1 0 0 10/20 17:21 0:00 4:28
Mark McNeill 1 0 1 1 0 4 2 3 0 0 0/0 14:46 0:00 4:31
Mattias Backman 0 0 0 0 0 0 0 0 0 2 0/0 7:27 0:00 0:39
Nolan Vesey 0 0 0 0 0 1 2 0 1 0 0/0 11:46 1:53 0:00
Olli Juolevi 0 0 0 1 2 1 1 1 0 0 0/0 9:19 0:00 0:00
Reilly Walsh 0 0 0 1 0 0 0 0 0 1 0/0 12:01 0:00 2:51
Riley Barber 0 0 0 -1 0 0 1 0 0 0 0/0 10:45 0:00 2:25
T.J Brodie 1 1 2 0 2 1 0 2 0 0 0/0 16:47 1:44 2:12
Travis Dermott 0 3 3 0 0 4 3 1 1 0 0/0 26:52 2:47 5:05
3 Stars
1 - Lucas Wallmark (Mil)
2 - Travis Dermott (Mil)
3 - Felix Sanstrom (Mil)
Power Play
Sound Tigers - 0 on 4 Attempt(s) - 0.00%
Admirals - 1 on 3 Attempt(s) - 33.33%
Penalty Kill
Sound Tigers - 2 on 3 Attempt(s) - 66.67%
- Score 0 goal in Penalty Kill
Admirals - 4 on 4 Attempt(s) - 100.00%
- Score 0 goal in Penalty Kill
Team Stat
Sound Tigers - Hits : 19 - Faceoff Wins : 29 - Blocked Shots : 7 - Penalty Minutes : 6
Admirals - Hits : 23 - Faceoff Wins : 33 - Blocked Shots : 19 - Penalty Minutes : 8
Official
Referees : Michael Markovic and Reid Anderson
Linesman : Steve Barton and Vaughan Rody
Game Notes
No Game Note
Finance
Level 1 -- Attendance: 1783 (89.15%) -- Ticket Income $62,405
Level 2 -- Attendance: 1000 (100.00%) -- Ticket Income $15,000
Total Attendance: 2783 (92.77%)
Total Ticket Income: $77,405
Other Income: $3,870
Total Income: $81,275
Sound Tigers
5 vs 5 Forward
Center Left Wing Right Wing Time % Phy DF OF
1 Joe Labate Alex Tuch Borna Rendulic 40 1 2 2
2 Pavel Kraskovsky Garret Ross James Livingstone 30 1 2 2
3 Rhett Gardner Ben Thomson Ross Colton 20 1 2 2
4 Garret Pilon Tyrell Goulbourne Josh Archibald 10 1 2 2
5 vs 5 Defense
Defense Defense Time % Phy DF OF
1 Dylan McIlrath Slater Koekkoek 40 1 2 2
2 Gabriel Carlsson Miro Heiskanen 30 1 2 2
3 Nick Blankenburg Alexander Yelesin 20 1 2 2
4 Jakub Galvas Dylan McIlrath 10 1 2 2
PowerPlay Forward
Center Left Wing Right Wing Time % Phy DF OF
1 Joe Labate Alex Tuch Borna Rendulic 60 1 2 2
2 Pavel Kraskovsky Garret Ross James Livingstone 40 1 2 2
PowerPlay Defense
Defense Defense Time % Phy DF OF
1 Dylan McIlrath Slater Koekkoek 60 1 2 2
2 Gabriel Carlsson Miro Heiskanen 40 1 2 2
Penalty Kill 4 Players Forward
Center Wing Time % Phy DF OF
1 Alex Tuch Garret Ross 60 1 2 2
2 Joe Labate Ben Thomson 40 1 2 2
Penalty Kill 4 Players Defense
Defense Defense Time % Phy DF OF
1 Dylan McIlrath Slater Koekkoek 60 1 2 2
2 Gabriel Carlsson Miro Heiskanen 40 1 2 2
Penalty Kill - 3 Players Forward
Forward Time % Phy DF OF
1 Alex Tuch 60 1 2 2
2 Garret Ross 40 1 2 2
Penalty Kill - 3 Players Defense
Defense Defense Time % Phy DF OF
1 Dylan McIlrath Slater Koekkoek 60 1 2 2
2 Gabriel Carlsson Miro Heiskanen 40 1 2 2
4 vs 4 Forward
Center Wing Time % Phy DF OF
1 Alex Tuch Garret Ross 60 1 2 2
2 Joe Labate Ben Thomson 40 1 2 2
4 vs 4 Defense
Defense Defense Time % Phy DF OF
1 Dylan McIlrath Slater Koekkoek 60 1 2 2
2 Gabriel Carlsson Miro Heiskanen 40 1 2 2
Last Minutes Offensive
Center Left Wing Right Wing Defense Defense
Joe Labate Alex Tuch Borna Rendulic Dylan McIlrath Slater Koekkoek
Last Minutes Defensive
Center Left Wing Right Wing Defense Defense
Joe Labate Alex Tuch Borna Rendulic Dylan McIlrath Slater Koekkoek
Goaltenders
Starting : Pavel Francouz
Backup : Chris Driedger
Extra Forwards
Normal : Brad Ross, Ben Johnson, Blake Speers - PP : Brad Ross, Ben Johnson - PK : Blake Speers
Extra Defensemen
Normal : Nick Blankenburg, Alexander Yelesin, Jakub Galvas - PP : Nick Blankenburg - PK : Alexander Yelesin, Jakub Galvas
Penalty Shots
Alex Tuch, Garret Ross, Joe Labate, Ben Thomson, Borna Rendulic
Scratches
Casey Staum (Healthy), Stuart Skinner (Sprained Left Ankle Injury), Sean Maguire (Healthy)
Admirals
5 vs 5 Forward
Center Left Wing Right Wing Time % Phy DF OF
1 Josh Norris Anton Gustafsson Kasper Bjorkqvist 40 1 2 2
2 Lucas Wallmark Hunter Shinkaruk Joel Armia 30 1 2 2
3 Freddie Hamilton Nolan Vesey Mark McNeill 20 1 2 2
4 Brett Connolly Carsen Twarynski Riley Barber 10 1 2 2
5 vs 5 Defense
Defense Defense Time % Phy DF OF
1 Andreas Englund Travis Dermott 40 1 2 2
2 T.J Brodie Ian Mitchell 30 1 2 2
3 Reilly Walsh Olli Juolevi 20 1 2 2
4 Christian Djoos Mattias Backman 10 1 2 2
PowerPlay Forward
Center Left Wing Right Wing Time % Phy DF OF
1 Josh Norris Hunter Shinkaruk Kasper Bjorkqvist 60 1 2 2
2 Anton Gustafsson Nolan Vesey Joel Armia 40 1 2 2
PowerPlay Defense
Defense Defense Time % Phy DF OF
1 Andreas Englund Travis Dermott 60 1 2 2
2 T.J Brodie Ian Mitchell 40 1 2 2
Penalty Kill 4 Players Forward
Center Wing Time % Phy DF OF
1 Lucas Wallmark Mark McNeill 60 1 2 2
2 Anton Gustafsson Riley Barber 40 1 2 2
Penalty Kill 4 Players Defense
Defense Defense Time % Phy DF OF
1 Andreas Englund Travis Dermott 60 1 2 2
2 Reilly Walsh T.J Brodie 40 1 2 2
Penalty Kill - 3 Players Forward
Forward Time % Phy DF OF
1 Mark McNeill 60 1 2 2
2 Anton Gustafsson 40 1 2 2
Penalty Kill - 3 Players Defense
Defense Defense Time % Phy DF OF
1 Andreas Englund Travis Dermott 60 1 2 2
2 Reilly Walsh T.J Brodie 40 1 2 2
4 vs 4 Forward
Center Wing Time % Phy DF OF
1 Josh Norris Anton Gustafsson 60 1 2 2
2 Lucas Wallmark Joel Armia 40 1 2 2
4 vs 4 Defense
Defense Defense Time % Phy DF OF
1 Andreas Englund Travis Dermott 60 1 2 2
2 T.J Brodie Ian Mitchell 40 1 2 2
Last Minutes Offensive
Center Left Wing Right Wing Defense Defense
Josh Norris Anton Gustafsson Kasper Bjorkqvist Andreas Englund Travis Dermott
Last Minutes Defensive
Center Left Wing Right Wing Defense Defense
Anton Gustafsson Lucas Wallmark Mark McNeill Andreas Englund Travis Dermott
Goaltenders
Starting : Felix Sanstrom
Backup : Tristan Jarry
Extra Forwards
Normal : Mark McNeill, Joel Armia, Kasper Bjorkqvist - PP : Joel Armia, Freddie Hamilton - PK : Brett Connolly
Extra Defensemen
Normal : Mattias Backman, Christian Djoos, Carl Dahlstrom - PP : Ian Mitchell - PK : Mattias Backman, Christian Djoos
Penalty Shots
Anton Gustafsson, Mark McNeill, Joel Armia, Lucas Wallmark, Kasper Bjorkqvist
Scratches
Alexandre Mallet (Healthy), Joni Ikonen (Healthy), Filip Chlapik (Healthy), Josh Wesley (Healthy), Mark MacMillan (Healthy)
Kristian Vesalainen (Healthy), Ryan Olsen (Healthy), Sergei Zborovskiy (Healthy), Stanislav Galiev (Healthy), Troy Bourke (Healthy)
Libor Hajek (Healthy), Linus Ullmark (Healthy)
% Time on Ice - Sound Tigers
Lines # - Real PCT - Wanted PCT - Time Play
Normal Forward
1 - 32% - 40% - 14:59
2 - 25% - 30% - 11:39
3 - 24% - 20% - 11:26
4 - 19% - 10% - 8:44
Normal Defense
1 - 35% - 40% - 16:20
2 - 29% - 30% - 13:45
3 - 27% - 20% - 12:51
4 - 8% - 10% - 3:52
PP Forward
1 - 55% - 60% - 4:23
2 - 45% - 40% - 3:33
PP Defense
1 - 55% - 60% - 4:21
2 - 45% - 40% - 3:35
PK Forward
1 - 81% - 60% - 3:40
2 - 19% - 40% - 0:51
PK Defense
1 - 67% - 60% - 3:01
2 - 33% - 40% - 1:30
PK3 Forward
1 - 0% - 60%
2 - 0% - 40%
PK3 Defense
1 - 0% - 60%
2 - 0% - 40%
44 Forward
1 - 0% - 60%
2 - 0% - 40%
44 Defense
1 - 0% - 60%
2 - 0% - 40%
Last Minute Offensive - 0:45
Last Minute Defensive - 0:00
Total
Forward - 60:00
Defense - 60:00
|
% Time on Ice - Admirals
Lines # - Real PCT - Wanted PCT - Time Play
Normal Forward
1 - 35% - 40% - 16:27
2 - 28% - 30% - 13:10
3 - 21% - 20% - 9:53
4 - 16% - 10% - 7:41
Normal Defense
1 - 39% - 40% - 18:38
2 - 27% - 30% - 12:52
3 - 19% - 20% - 8:59
4 - 14% - 10% - 6:42
PP Forward
1 - 58% - 60% - 2:38
2 - 42% - 40% - 1:53
PP Defense
1 - 62% - 60% - 2:47
2 - 38% - 40% - 1:44
PK Forward
1 - 70% - 60% - 5:31
2 - 30% - 40% - 2:25
PK Defense
1 - 64% - 60% - 5:05
2 - 36% - 40% - 2:51
PK3 Forward
1 - 0% - 60%
2 - 0% - 40%
PK3 Defense
1 - 0% - 60%
2 - 0% - 40%
44 Forward
1 - 0% - 60%
2 - 0% - 40%
44 Defense
1 - 0% - 60%
2 - 0% - 40%
Last Minute Offensive - 0:00
Last Minute Defensive - 0:22
Total
Forward - 60:00
Defense - 60:00
|
Play-by-Play
1st period
0:01 of 1st period - Joe Labate wins face-off versus Josh Norris in neutral zone.
0:15 of 1st period - Snap shot by Borna Rendulic.
0:15 of 1st period - Stopped by Felix Sanstrom with a rebound.
0:25 of 1st period - Slater Koekkoek is hit by Hunter Shinkaruk and loses puck.
1:28 of 1st period - Wrist shot by Miro Heiskanen.
1:28 of 1st period - Stopped by Felix Sanstrom with a rebound.
1:30 of 1st period - Snap shot by Gabriel Carlsson.
1:30 of 1st period - Deflect By Alex Tuch.
1:30 of 1st period - Shot Blocked by T.J Brodie.
1:30 of 1st period - Puck is out of play.
1:31 of 1st period - Alex Tuch wins face-off versus Lucas Wallmark in Admirals zone.
1:46 of 1st period - Slapshot by Alex Tuch.
1:46 of 1st period - Deflect By Joel Armia.
1:46 of 1st period - Shot Blocked by Olli Juolevi.
1:46 of 1st period - Puck is out of play.
1:47 of 1st period - Garret Ross wins face-off versus Josh Norris in Admirals zone.
1:50 of 1st period - Snap shot by Garret Ross.
1:50 of 1st period - Deflect By Anton Gustafsson.
1:50 of 1st period - Stopped by Felix Sanstrom with a rebound.
2:12 of 1st period - Borna Rendulic is hit by Mark McNeill and loses puck.
2:27 of 1st period - Dylan McIlrath is hit by Mark McNeill and loses puck.
3:09 of 1st period - Snap shot by James Livingstone.
3:09 of 1st period - Shot Blocked by Brett Connolly.
3:23 of 1st period - Wrist shot by Anton Gustafsson.
3:23 of 1st period - Stopped by Pavel Francouz with a rebound.
3:25 of 1st period - Slapshot by Olli Juolevi.
3:25 of 1st period - Stopped by Pavel Francouz with a rebound.
3:31 of 1st period - Snap shot by Anton Gustafsson.
3:31 of 1st period - Stopped by Pavel Francouz without a rebound.
3:32 of 1st period - Joe Labate wins face-off versus Lucas Wallmark in Sound Tigers zone.
3:57 of 1st period - Andreas Englund is hit by Alexander Yelesin.
4:05 of 1st period - Slapshot by Tyrell Goulbourne.
4:05 of 1st period - Stopped by Felix Sanstrom with a rebound.
4:07 of 1st period - Slapshot by Dylan McIlrath.
4:07 of 1st period - Deflect By Travis Dermott.
4:07 of 1st period - Stopped by Felix Sanstrom with a rebound.
4:24 of 1st period - Backhand shot by Mark McNeill.
4:24 of 1st period - Stopped by Pavel Francouz without a rebound.
4:25 of 1st period - Joe Labate wins face-off versus Lucas Wallmark in Sound Tigers zone.
4:25 of 1st period - Joe Labate is hit by Ian Mitchell.
4:37 of 1st period - Wrist shot by Joel Armia.
4:37 of 1st period - Stopped by Pavel Francouz with a rebound.
5:59 of 1st period - Slapshot by Joel Armia.
5:59 of 1st period - Shot Blocked by Dylan McIlrath.
6:05 of 1st period - Slapshot by Travis Dermott.
6:05 of 1st period - Stopped by Pavel Francouz with a rebound.
7:15 of 1st period - Icing by Miro Heiskanen.
7:16 of 1st period - Garret Pilon wins face-off versus Lucas Wallmark in Sound Tigers zone.
7:22 of 1st period - Off-side.
7:23 of 1st period - Joe Labate wins face-off versus Josh Norris in neutral zone.
7:38 of 1st period - Snap shot by Anton Gustafsson.
7:38 of 1st period - Shot Misses the Net.
7:55 of 1st period - Wrist shot by Joe Labate.
7:55 of 1st period - Stopped by Felix Sanstrom without a rebound.
7:56 of 1st period - Josh Norris wins face-off versus Garret Ross in Admirals zone.
8:34 of 1st period - Slapshot by Ross Colton.
8:34 of 1st period - Shot Misses the Net.
9:44 of 1st period - Slater Koekkoek is hit by Nolan Vesey and loses puck.
9:55 of 1st period - Ian Mitchell is hit by Nick Blankenburg and loses puck.
10:08 of 1st period - Snap shot by Tyrell Goulbourne.
10:08 of 1st period - Shot Blocked by Lucas Wallmark.
10:10 of 1st period - Slapshot by Josh Archibald.
10:10 of 1st period - Shot Misses the Net.
10:51 of 1st period - Snap shot by Pavel Kraskovsky.
10:51 of 1st period - Stopped by Felix Sanstrom with a rebound.
11:01 of 1st period - James Livingstone is hit by Kasper Bjorkqvist and loses puck.
11:10 of 1st period - Andreas Englund is hit by Ross Colton and loses puck.
11:15 of 1st period - Wrist shot by Ben Thomson.
11:15 of 1st period - Shot Blocked by Andreas Englund.
11:23 of 1st period - Slapshot by Kasper Bjorkqvist.
11:23 of 1st period - Shot Misses the Net.
11:41 of 1st period - Wrist shot by Tyrell Goulbourne.
11:41 of 1st period - Shot Blocked by Anton Gustafsson.
11:44 of 1st period - Icing by Travis Dermott.
11:45 of 1st period - Josh Norris wins face-off versus Garret Pilon in Admirals zone.
11:45 of 1st period - Josh Norris is hit by Miro Heiskanen.
12:06 of 1st period - Slapshot by Anton Gustafsson.
12:06 of 1st period - Deflect By Kasper Bjorkqvist.
12:06 of 1st period - Shot Misses the Net.
12:06 of 1st period - Puck is out of play.
12:07 of 1st period - Lucas Wallmark wins face-off versus Alex Tuch in Sound Tigers zone.
12:45 of 1st period - Backhand shot by Hunter Shinkaruk.
12:45 of 1st period - Deflect By Joel Armia.
12:45 of 1st period - Shot Misses the Net.
12:45 of 1st period - Puck is out of play.
12:46 of 1st period - Freddie Hamilton wins face-off versus Joe Labate in Sound Tigers zone.
13:12 of 1st period - Gabriel Carlsson is hit by Riley Barber and loses puck.
13:26 of 1st period - Off-side.
13:27 of 1st period - Lucas Wallmark wins face-off versus Rhett Gardner in neutral zone.
13:54 of 1st period - Slapshot by Riley Barber.
13:54 of 1st period - Shot Misses the Net.
14:04 of 1st period - Wrist shot by Riley Barber.
14:04 of 1st period - Shot Misses the Net.
14:39 of 1st period - Snap shot by Garret Ross.
14:39 of 1st period - Deflect By James Livingstone.
14:39 of 1st period - Shot Blocked by Mark McNeill.
14:39 of 1st period - Puck is out of play.
14:40 of 1st period - Pavel Kraskovsky wins face-off versus Freddie Hamilton in Admirals zone.
14:43 of 1st period - Wrist shot by Garret Ross.
14:43 of 1st period - Shot Misses the Net.
15:05 of 1st period - Joe Labate is hit by Andreas Englund and loses puck.
15:50 of 1st period - Snap shot by Mark McNeill.
15:50 of 1st period - Shot Misses the Net.
16:13 of 1st period - Slapshot by Nick Blankenburg.
16:13 of 1st period - Stopped by Felix Sanstrom with a rebound.
16:15 of 1st period - Slapshot by Jakub Galvas.
16:15 of 1st period - Stopped by Felix Sanstrom without a rebound.
16:16 of 1st period - Brett Connolly wins face-off versus Pavel Kraskovsky in Admirals zone.
16:29 of 1st period - Riley Barber is hit by Dylan McIlrath and loses puck.
16:50 of 1st period - Riley Barber is hit by Garret Ross and loses puck.
17:10 of 1st period - Icing by James Livingstone.
17:11 of 1st period - Pavel Kraskovsky wins face-off versus Josh Norris in Sound Tigers zone.
17:59 of 1st period - Snap shot by James Livingstone.
17:59 of 1st period - Shot Blocked by Andreas Englund.
18:01 of 1st period - Slapshot by Nick Blankenburg.
18:01 of 1st period - Stopped by Felix Sanstrom without a rebound.
18:02 of 1st period - Josh Norris wins face-off versus Joe Labate in Admirals zone.
18:02 of 1st period - Josh Norris is hit by Borna Rendulic.
18:28 of 1st period - Nick Blankenburg is hit by Joel Armia and loses puck.
18:50 of 1st period - Slapshot by Tyrell Goulbourne.
18:50 of 1st period - Shot Misses the Net.
18:52 of 1st period - Slapshot by Gabriel Carlsson.
18:52 of 1st period - Stopped by Felix Sanstrom with a rebound.
18:54 of 1st period - Snap shot by Miro Heiskanen.
18:54 of 1st period - Shot Misses the Net.
18:56 of 1st period - Slapshot by Gabriel Carlsson.
18:56 of 1st period - Shot Blocked by Christian Djoos.
18:58 of 1st period - Snap shot by Garret Pilon.
18:58 of 1st period - Shot Blocked by Freddie Hamilton.
19:39 of 1st period - Icing by Slater Koekkoek.
19:40 of 1st period - Joel Armia wins face-off versus Rhett Gardner in Sound Tigers zone.
19:53 of 1st period - Wrist shot by Hunter Shinkaruk.
19:53 of 1st period - Stopped by Pavel Francouz with a rebound.
Goals for this period are 0 for Sound Tigers vs 0 for Admirals.
Shots for this period are 11 for Sound Tigers vs 7 for Admirals.
2nd period
0:01 of 2nd period - Josh Norris wins face-off versus Joe Labate in neutral zone.
0:06 of 2nd period - Slapshot by Travis Dermott.
0:06 of 2nd period - Deflect By Dylan McIlrath.
0:06 of 2nd period - Stopped by Pavel Francouz without a rebound.
0:07 of 2nd period - Josh Norris wins face-off versus Joe Labate in Sound Tigers zone.
0:10 of 2nd period - Wrist shot by Anton Gustafsson.
0:10 of 2nd period - Stopped by Pavel Francouz with a rebound.
0:17 of 2nd period - Off-side.
0:18 of 2nd period - Joe Labate wins face-off versus Josh Norris in neutral zone.
0:43 of 2nd period - Alex Tuch is hit by Freddie Hamilton and loses puck.
1:00 of 2nd period - Wrist shot by Joe Labate.
1:00 of 2nd period - Shot Misses the Net.
1:12 of 2nd period - Wrist shot by Garret Ross.
1:12 of 2nd period - Stopped by Felix Sanstrom with a rebound.
1:18 of 2nd period - Snap shot by Hunter Shinkaruk.
1:18 of 2nd period - Stopped by Pavel Francouz with a rebound.
1:20 of 2nd period - Slapshot by Joel Armia.
1:20 of 2nd period - Shot Blocked by Dylan McIlrath.
1:22 of 2nd period - Wrist shot by Lucas Wallmark.
1:22 of 2nd period - Deflect By Hunter Shinkaruk.
1:22 of 2nd period - Stopped by Pavel Francouz with a rebound.
1:54 of 2nd period - Reilly Walsh is hit by Tyrell Goulbourne and loses puck.
2:25 of 2nd period - Mark McNeill is hit by Slater Koekkoek and loses puck.
2:44 of 2nd period - Wrist shot by Joel Armia.
2:44 of 2nd period - Shot Misses the Net.
3:05 of 2nd period - Snap shot by Tyrell Goulbourne.
3:05 of 2nd period - Shot Misses the Net.
3:07 of 2nd period - Slapshot by Gabriel Carlsson.
3:07 of 2nd period - Stopped by Felix Sanstrom without a rebound.
3:08 of 2nd period - Joe Labate wins face-off versus Lucas Wallmark in Admirals zone.
3:50 of 2nd period - Wrist shot by Lucas Wallmark.
3:50 of 2nd period - Goal by Lucas Wallmark - Sound Tigers : 0 - Admirals : 1.
3:51 of 2nd period - Borna Rendulic wins face-off versus Josh Norris in neutral zone.
4:27 of 2nd period - Slapshot by Mark McNeill.
4:27 of 2nd period - Deflect By Freddie Hamilton.
4:27 of 2nd period - Stopped by Pavel Francouz without a rebound.
4:28 of 2nd period - Lucas Wallmark wins face-off versus Joe Labate in Sound Tigers zone.
5:16 of 2nd period - Mark McNeill is hit by Josh Archibald and loses puck.
5:27 of 2nd period - Garret Pilon is hit by Olli Juolevi and loses puck.
5:38 of 2nd period - Snap shot by Joel Armia.
5:38 of 2nd period - Deflect By Tyrell Goulbourne.
5:38 of 2nd period - Stopped by Pavel Francouz without a rebound.
5:39 of 2nd period - Lucas Wallmark wins face-off versus Joe Labate in Sound Tigers zone.
5:42 of 2nd period - Wrist shot by Hunter Shinkaruk.
5:42 of 2nd period - Stopped by Pavel Francouz with a rebound.
5:44 of 2nd period - Snap shot by Hunter Shinkaruk.
5:44 of 2nd period - Stopped by Pavel Francouz with a rebound.
5:46 of 2nd period - Snap shot by Hunter Shinkaruk.
5:46 of 2nd period - Stopped by Pavel Francouz without a rebound.
5:47 of 2nd period - Joe Labate wins face-off versus Josh Norris in Sound Tigers zone.
5:54 of 2nd period - Backhand shot by Travis Dermott.
5:54 of 2nd period - Shot Blocked by Borna Rendulic.
5:56 of 2nd period - Slapshot by Travis Dermott.
5:56 of 2nd period - Deflect By Josh Norris.
5:56 of 2nd period - Shot Misses the Net.
5:56 of 2nd period - Puck is out of play.
5:57 of 2nd period - Joe Labate wins face-off versus Josh Norris in Sound Tigers zone.
6:01 of 2nd period - Off-side.
6:02 of 2nd period - Kasper Bjorkqvist wins face-off versus Joe Labate in neutral zone.
6:11 of 2nd period - Slapshot by Travis Dermott.
6:11 of 2nd period - Shot Misses the Net.
6:13 of 2nd period - Slapshot by Travis Dermott.
6:13 of 2nd period - Shot Blocked by Slater Koekkoek.
6:15 of 2nd period - Slapshot by Anton Gustafsson.
6:15 of 2nd period - Stopped by Pavel Francouz with a rebound.
6:17 of 2nd period - Slapshot by Travis Dermott.
6:17 of 2nd period - Stopped by Pavel Francouz with a rebound.
6:23 of 2nd period - Minor Penalty to Borna Rendulic for Tripping.
6:24 of 2nd period - Josh Norris wins face-off versus Alex Tuch in Sound Tigers zone.
6:25 of 2nd period - Slapshot by Travis Dermott.
6:25 of 2nd period - Shot Blocked by Dylan McIlrath.
8:23 of 2nd period - Penalty to Borna Rendulic is over, Borna Rendulic is back on ice.
8:59 of 2nd period - Wrist shot by Borna Rendulic.
8:59 of 2nd period - Stopped by Felix Sanstrom with a rebound.
10:14 of 2nd period - Kasper Bjorkqvist is hit by Alex Tuch and loses puck.
10:43 of 2nd period - Minor Penalty to Joel Armia for Tripping.
10:44 of 2nd period - Lucas Wallmark wins face-off versus Joe Labate in Admirals zone.
11:19 of 2nd period - Slapshot by Slater Koekkoek.
11:19 of 2nd period - Shot Blocked by Mark McNeill.
12:43 of 2nd period - Penalty to Joel Armia is over, Joel Armia is back on ice.
13:05 of 2nd period - Slapshot by Brett Connolly.
13:05 of 2nd period - Shot Misses the Net.
13:07 of 2nd period - Slapshot by Carsen Twarynski.
13:07 of 2nd period - Shot Misses the Net.
13:09 of 2nd period - Wrist shot by Carsen Twarynski.
13:09 of 2nd period - Stopped by Pavel Francouz with a rebound.
13:31 of 2nd period - Garret Pilon is hit by Lucas Wallmark.
14:49 of 2nd period - Wrist shot by Joel Armia.
14:49 of 2nd period - Shot Misses the Net.
15:00 of 2nd period - Hunter Shinkaruk is hit by Tyrell Goulbourne.
15:10 of 2nd period - Snap shot by Garret Ross.
15:10 of 2nd period - Stopped by Felix Sanstrom without a rebound.
15:11 of 2nd period - Brett Connolly wins face-off versus James Livingstone in Admirals zone.
15:20 of 2nd period - Snap shot by Garret Ross.
15:20 of 2nd period - Goal by Garret Ross - Sound Tigers : 1 - Admirals : 1.
15:21 of 2nd period - Joe Labate wins face-off versus Josh Norris in neutral zone.
15:36 of 2nd period - Wrist shot by Alex Tuch.
15:36 of 2nd period - Shot Misses the Net.
15:48 of 2nd period - James Livingstone is hit by Travis Dermott and loses puck.
16:00 of 2nd period - Icing by Garret Ross.
16:01 of 2nd period - Josh Norris wins face-off versus Pavel Kraskovsky in Sound Tigers zone.
16:02 of 2nd period - Wrist shot by Kasper Bjorkqvist.
16:02 of 2nd period - Shot Misses the Net.
16:57 of 2nd period - Snap shot by Pavel Kraskovsky.
16:57 of 2nd period - Shot Misses the Net.
16:59 of 2nd period - Wrist shot by James Livingstone.
16:59 of 2nd period - Stopped by Felix Sanstrom with a rebound.
17:01 of 2nd period - Slapshot by Gabriel Carlsson.
17:01 of 2nd period - Shot Blocked by T.J Brodie.
17:03 of 2nd period - Snap shot by James Livingstone.
17:03 of 2nd period - Stopped by Felix Sanstrom with a rebound.
17:05 of 2nd period - Slapshot by Miro Heiskanen.
17:05 of 2nd period - Shot Hit the Post.
17:07 of 2nd period - Snap shot by Pavel Kraskovsky.
17:07 of 2nd period - Stopped by Felix Sanstrom without a rebound.
17:08 of 2nd period - Lucas Wallmark wins face-off versus Joe Labate in Admirals zone.
17:13 of 2nd period - Backhand shot by Alex Tuch.
17:13 of 2nd period - Stopped by Felix Sanstrom with a rebound.
17:15 of 2nd period - Slapshot by Borna Rendulic.
17:15 of 2nd period - Shot Misses the Net.
17:17 of 2nd period - Snap shot by Alex Tuch.
17:17 of 2nd period - Shot Misses the Net.
17:19 of 2nd period - Wrist shot by Joe Labate.
17:19 of 2nd period - Shot Misses the Net.
17:21 of 2nd period - Slapshot by Borna Rendulic.
17:21 of 2nd period - Shot Misses the Net.
17:23 of 2nd period - Slapshot by Slater Koekkoek.
17:23 of 2nd period - Shot Blocked by Hunter Shinkaruk.
17:52 of 2nd period - Carsen Twarynski is hit by Josh Archibald and loses puck.
18:01 of 2nd period - Wrist shot by Tyrell Goulbourne.
18:01 of 2nd period - Stopped by Felix Sanstrom with a rebound.
18:13 of 2nd period - Alex Tuch is hit by Lucas Wallmark and loses puck.
18:22 of 2nd period - Hunter Shinkaruk is hit by Dylan McIlrath and loses puck.
18:33 of 2nd period - Slapshot by Travis Dermott.
18:33 of 2nd period - Stopped by Pavel Francouz with a rebound.
18:35 of 2nd period - Snap shot by Freddie Hamilton.
18:35 of 2nd period - Shot Misses the Net.
18:37 of 2nd period - Wrist shot by Mark McNeill.
18:37 of 2nd period - Stopped by Pavel Francouz with a rebound.
18:56 of 2nd period - Icing by Alexander Yelesin.
18:57 of 2nd period - Brett Connolly wins face-off versus Garret Pilon in Sound Tigers zone.
19:10 of 2nd period - Snap shot by Riley Barber.
19:10 of 2nd period - Shot Misses the Net.
19:24 of 2nd period - Snap shot by James Livingstone.
19:24 of 2nd period - Shot Misses the Net.
19:43 of 2nd period - Minor Penalty to Joe Labate for Hooking.
19:44 of 2nd period - Josh Norris wins face-off versus Garret Ross in Sound Tigers zone.
Goals for this period are 1 for Sound Tigers vs 1 for Admirals.
Shots for this period are 10 for Sound Tigers vs 15 for Admirals.
3rd period
0:01 of 3rd period - Alex Tuch wins face-off versus Josh Norris in neutral zone.
0:12 of 3rd period - Slater Koekkoek is hit by Hunter Shinkaruk.
0:36 of 3rd period - Ben Thomson is hit by Nolan Vesey.
0:40 of 3rd period - Slapshot by Gabriel Carlsson.
0:40 of 3rd period - Shot Blocked by Travis Dermott.
1:40 of 3rd period - Dylan McIlrath is hit by Josh Norris and loses puck.
1:43 of 3rd period - Penalty to Joe Labate is over, Joe Labate is back on ice.
2:03 of 3rd period - Slapshot by Dylan McIlrath.
2:03 of 3rd period - Deflect By Riley Barber.
2:03 of 3rd period - Stopped by Felix Sanstrom without a rebound.
2:04 of 3rd period - Freddie Hamilton wins face-off versus Pavel Kraskovsky in Admirals zone.
2:18 of 3rd period - Minor Penalty to Olli Juolevi for Holding.
2:19 of 3rd period - Lucas Wallmark wins face-off versus Joe Labate in Admirals zone.
2:32 of 3rd period - Wrist shot by Joe Labate.
2:32 of 3rd period - Shot Misses the Net.
2:34 of 3rd period - Slapshot by Alex Tuch.
2:34 of 3rd period - Shot Misses the Net.
3:16 of 3rd period - Icing by Borna Rendulic.
3:17 of 3rd period - Joe Labate wins face-off versus Lucas Wallmark in Sound Tigers zone.
3:57 of 3rd period - Icing by Borna Rendulic.
3:58 of 3rd period - Pavel Kraskovsky wins face-off versus Lucas Wallmark in Sound Tigers zone.
4:04 of 3rd period - Slapshot by Miro Heiskanen.
4:04 of 3rd period - Stopped by Felix Sanstrom with a rebound.
4:18 of 3rd period - Penalty to Olli Juolevi is over, Olli Juolevi is back on ice.
4:24 of 3rd period - Slapshot by Riley Barber.
4:24 of 3rd period - Shot Misses the Net.
5:09 of 3rd period - Wrist shot by Tyrell Goulbourne.
5:09 of 3rd period - Shot Misses the Net.
5:11 of 3rd period - Snap shot by Garret Pilon.
5:11 of 3rd period - Stopped by Felix Sanstrom with a rebound.
5:33 of 3rd period - Wrist shot by Nolan Vesey.
5:33 of 3rd period - Stopped by Pavel Francouz with a rebound.
5:35 of 3rd period - Wrist shot by Freddie Hamilton.
5:35 of 3rd period - Shot Misses the Net.
5:37 of 3rd period - Wrist shot by Mark McNeill.
5:37 of 3rd period - Stopped by Pavel Francouz with a rebound.
5:39 of 3rd period - Wrist shot by Mark McNeill.
5:39 of 3rd period - Shot Misses the Net.
5:49 of 3rd period - Josh Norris is hit by Ben Thomson.
6:20 of 3rd period - Lucas Wallmark is hit by Garret Pilon and loses puck.
6:45 of 3rd period - Icing by Josh Norris.
6:46 of 3rd period - Josh Norris wins face-off versus Joe Labate in Admirals zone.
6:50 of 3rd period - Off-side.
6:51 of 3rd period - Joe Labate wins face-off versus Josh Norris in neutral zone.
7:08 of 3rd period - T.J Brodie is hit by Gabriel Carlsson and loses puck.
7:25 of 3rd period - Slapshot by Miro Heiskanen.
7:25 of 3rd period - Deflect By Travis Dermott.
7:25 of 3rd period - Goal by Miro Heiskanen - Sound Tigers : 2 - Admirals : 1.
7:26 of 3rd period - Joe Labate wins face-off versus Josh Norris in neutral zone.
7:33 of 3rd period - Snap shot by Alex Tuch.
7:33 of 3rd period - Shot Blocked by Josh Norris.
7:50 of 3rd period - Minor Penalty to Joel Armia for Interference.
7:51 of 3rd period - Lucas Wallmark wins face-off versus Joe Labate in Admirals zone.
9:22 of 3rd period - Joe Labate is hit by Travis Dermott and loses puck.
9:50 of 3rd period - Penalty to Joel Armia is over, Joel Armia is back on ice.
10:00 of 3rd period - Snap shot by Ben Thomson.
10:00 of 3rd period - Stopped by Felix Sanstrom without a rebound.
10:01 of 3rd period - Josh Norris wins face-off versus Rhett Gardner in Admirals zone.
10:31 of 3rd period - Snap shot by Ross Colton.
10:31 of 3rd period - Shot Misses the Net.
10:33 of 3rd period - Slapshot by Gabriel Carlsson.
10:33 of 3rd period - Shot Misses the Net.
10:35 of 3rd period - Slapshot by Gabriel Carlsson.
10:35 of 3rd period - Stopped by Felix Sanstrom with a rebound.
10:37 of 3rd period - Wrist shot by Dylan McIlrath.
10:37 of 3rd period - Shot Blocked by Christian Djoos.
10:39 of 3rd period - Snap shot by Ross Colton.
10:39 of 3rd period - Shot Hit the Post.
10:41 of 3rd period - Slapshot by Dylan McIlrath.
10:41 of 3rd period - Stopped by Felix Sanstrom with a rebound.
10:53 of 3rd period - Slapshot by Ben Thomson.
10:53 of 3rd period - Shot Misses the Net.
10:55 of 3rd period - Wrist shot by Alexander Yelesin.
10:55 of 3rd period - Shot Misses the Net.
10:57 of 3rd period - Snap shot by Alexander Yelesin.
10:57 of 3rd period - Stopped by Felix Sanstrom with a rebound.
10:59 of 3rd period - Slapshot by Ross Colton.
10:59 of 3rd period - Shot Blocked by Josh Norris.
11:01 of 3rd period - Snap shot by Ross Colton.
11:01 of 3rd period - Stopped by Felix Sanstrom without a rebound.
11:02 of 3rd period - Joe Labate wins face-off versus Lucas Wallmark in Admirals zone.
11:09 of 3rd period - Wrist shot by Alex Tuch.
11:09 of 3rd period - Stopped by Felix Sanstrom with a rebound.
11:11 of 3rd period - Wrist shot by Joe Labate.
11:11 of 3rd period - Stopped by Felix Sanstrom without a rebound.
11:12 of 3rd period - Lucas Wallmark wins face-off versus Joe Labate in Admirals zone.
11:19 of 3rd period - Slapshot by Joel Armia.
11:19 of 3rd period - Shot Misses the Net.
11:36 of 3rd period - Slapshot by Borna Rendulic.
11:36 of 3rd period - Shot Misses the Net.
11:56 of 3rd period - Snap shot by Alex Tuch.
11:56 of 3rd period - Shot Misses the Net.
11:58 of 3rd period - Wrist shot by Alex Tuch.
11:58 of 3rd period - Deflect By Borna Rendulic.
11:58 of 3rd period - Shot Misses the Net.
11:58 of 3rd period - Puck is out of play.
11:59 of 3rd period - Pavel Kraskovsky wins face-off versus Josh Norris in Admirals zone.
12:02 of 3rd period - Snap shot by James Livingstone.
12:02 of 3rd period - Stopped by Felix Sanstrom without a rebound.
12:03 of 3rd period - Josh Norris wins face-off versus Pavel Kraskovsky in Admirals zone.
12:03 of 3rd period - Josh Norris is hit by Alexander Yelesin.
12:06 of 3rd period - Minor Penalty to T.J Brodie for Hooking.
12:07 of 3rd period - Lucas Wallmark wins face-off versus Joe Labate in Admirals zone.
12:11 of 3rd period - Snap shot by Borna Rendulic.
12:11 of 3rd period - Stopped by Felix Sanstrom without a rebound.
12:12 of 3rd period - Joe Labate wins face-off versus Lucas Wallmark in Admirals zone.
12:43 of 3rd period - Snap shot by Slater Koekkoek.
12:43 of 3rd period - Deflect By Garret Ross.
12:43 of 3rd period - Shot Misses the Net.
12:43 of 3rd period - Puck is out of play.
12:44 of 3rd period - Joe Labate wins face-off versus Anton Gustafsson in Admirals zone.
12:59 of 3rd period - Wrist shot by Alex Tuch.
12:59 of 3rd period - Stopped by Felix Sanstrom without a rebound.
13:00 of 3rd period - Joe Labate wins face-off versus Lucas Wallmark in Admirals zone.
13:54 of 3rd period - Off-side.
13:55 of 3rd period - Anton Gustafsson wins face-off versus Joe Labate in neutral zone.
14:06 of 3rd period - Penalty to T.J Brodie is over, T.J Brodie is back on ice.
14:11 of 3rd period - Off-side.
14:12 of 3rd period - Rhett Gardner wins face-off versus Josh Norris in neutral zone.
14:39 of 3rd period - Dylan McIlrath is hit by Joel Armia and loses puck.
15:00 of 3rd period - Minor Penalty to Pavel Kraskovsky for Goalie Interference.
15:01 of 3rd period - Alex Tuch wins face-off versus Kasper Bjorkqvist in Sound Tigers zone.
15:26 of 3rd period - Garret Ross is hit by Andreas Englund and loses puck.
15:31 of 3rd period - Slapshot by T.J Brodie.
15:31 of 3rd period - Shot Blocked by Dylan McIlrath.
15:33 of 3rd period - Snap shot by T.J Brodie.
15:33 of 3rd period - Goal by T.J Brodie - Sound Tigers : 2 - Admirals : 2.
15:34 of 3rd period - Freddie Hamilton wins face-off versus Rhett Gardner in neutral zone.
15:39 of 3rd period - Snap shot by Nolan Vesey.
15:39 of 3rd period - Shot Misses the Net.
15:41 of 3rd period - Slapshot by Andreas Englund.
15:41 of 3rd period - Shot Blocked by Rhett Gardner.
16:38 of 3rd period - Reilly Walsh is hit by Gabriel Carlsson and loses puck.
16:47 of 3rd period - Snap shot by Garret Ross.
16:47 of 3rd period - Shot Misses the Net.
17:53 of 3rd period - Slapshot by Travis Dermott.
17:53 of 3rd period - Deflect By Joel Armia.
17:53 of 3rd period - Goal by Joel Armia - Sound Tigers : 2 - Admirals : 3.
17:54 of 3rd period - Rhett Gardner wins face-off versus Freddie Hamilton in neutral zone.
18:05 of 3rd period - Slapshot by Rhett Gardner.
18:05 of 3rd period - Stopped by Felix Sanstrom with a rebound.
18:15 of 3rd period - Ben Thomson is hit by Travis Dermott and loses puck.
18:38 of 3rd period - Slapshot by Joe Labate.
18:38 of 3rd period - Stopped by Felix Sanstrom with a rebound.
18:54 of 3rd period - Joe Labate is hit by Josh Norris and loses puck.
19:03 of 3rd period - Sound Tigers, Pavel Francouz is pulled from the net.
19:07 of 3rd period - Snap shot by Alex Tuch.
19:07 of 3rd period - Deflect By Joe Labate.
19:07 of 3rd period - Shot Blocked by Josh Norris.
19:07 of 3rd period - Puck is out of play.
19:08 of 3rd period - André Tourigny call a timeout for Sound Tigers.
19:08 of 3rd period - Anton Gustafsson wins face-off versus Borna Rendulic in Admirals zone.
19:19 of 3rd period - Snap shot by Travis Dermott.
19:19 of 3rd period - Deflect By Mark McNeill.
19:19 of 3rd period - Shot Misses the Net.
19:19 of 3rd period - Puck is out of play.
19:20 of 3rd period - Pavel Francouz from Sound Tigers was sent back in the game.
19:20 of 3rd period - Anton Gustafsson wins face-off versus Joe Labate in Sound Tigers zone.
19:29 of 3rd period - Snap shot by Mark McNeill.
19:29 of 3rd period - Goal by Mark McNeill - Sound Tigers : 2 - Admirals : 4.
19:30 of 3rd period - Rhett Gardner wins face-off versus Freddie Hamilton in neutral zone.
19:33 of 3rd period - Snap shot by Rhett Gardner.
19:33 of 3rd period - Shot Blocked by Mark McNeill.
19:35 of 3rd period - Snap shot by Rhett Gardner.
19:35 of 3rd period - Stopped by Felix Sanstrom without a rebound.
19:36 of 3rd period - Freddie Hamilton wins face-off versus Rhett Gardner in Admirals zone.
19:51 of 3rd period - Ben Thomson is hit by Freddie Hamilton and loses puck.
Goals for this period are 1 for Sound Tigers vs 3 for Admirals.
Shots for this period are 17 for Sound Tigers vs 5 for Admirals.